 Dungeon Crawl Stone Soup version 0.31-a0-955-gcb8bc90ed4 (webtiles) character file.

Game seed: 8268602334255129644

13499 BinkBink the Cleaver (level 11, 0/102 HPs)
             Began as a Minotaur Monk on Oct 22, 2023.
             Was a High Priest of the Shining One.
             Slain by a very large slime creature (42 damage)
             ... in a Gauntlet.
             The game lasted 00:15:12 (10956 turns).

BinkBink the Cleaver (Minotaur Monk)               Turns: 10956, Time: 00:15:13

Health: 0/102      AC:  8    Str: 26    XL:     11   Next: 76%
Magic:  0/10       EV: 20    Int:  7    God:    the Shining One [*****.]
Gold:   507        SH:  0    Dex: 13    Spells: 10/10 levels left

rFire   . . .        v - +3 war axe (flame)
rCold   . . .        d - orb {light}
rNeg    + + .        b - +0 ring mail {rPois}
rPois   +            (helmet restricted)
rElec   .            e - scarf {shadows}
rCorr   .            (no gloves)
SInv    .            s - +0 pair of boots
Will    .....        r - amulet of guardian spirit
Stlth   +            u - +5 ring of evasion
HPRegen 0.37/turn    x - +6 ring of strength
MPRegen 0.12/turn

%: no teleportation, guardian spirit
@: glowing, studying Axes
A: horns 2, retaliatory headbutt
a: Renounce Religion, Divine Shield, Cleansing Flame, Summon Divine Warrior


You were in a Gauntlet.
You worshipped the Shining One.
The Shining One was extremely pleased with you.
You visited 2 branches of the dungeon, and saw 12 of its levels.
You also visited: Gauntlet.

You collected 507 gold pieces.

Inventory:

Hand Weapons
 v - a +3 war axe of flaming (weapon)
Missiles
 w - a throwing net
Armour
 b - a +0 ring mail of poison resistance (worn)
 d - an orb of light (worn)
 e - a scarf of shadows (worn)
 s - a +0 pair of boots (worn)
 D - the -1 pair of boots of Eternity {Harm rF+++ rC+++ Dex-2}
   (You found it on level 9 of the Dungeon)

   Dex-2:     It affects your dexterity (-2).
   rF+++:     It renders you almost immune to fire.
   rC+++:     It renders you almost immune to cold.
   Harm:      It increases damage dealt and taken.
Jewellery
 i - a ring of protection from fire
 l - a ring of protection from fire
 r - an amulet of guardian spirit (around neck)
 u - a +5 ring of evasion (left hand)
 x - a +6 ring of strength (right hand)
 y - a +5 ring of evasion
 E - a ring of wizardry
Wands
 a - a wand of polymorph (4)
 B - a wand of roots (11)
 F - a wand of mindburst (7)
 I - a wand of flame (5)
Scrolls
 g - 3 scrolls of teleportation
 h - 2 scrolls of revelation
 j - 8 scrolls of immolation
 k - 3 scrolls of vulnerability
 o - 2 scrolls of noise
 C - 4 scrolls of fog
 H - 3 scrolls of identify
Potions
 c - 4 potions of ambrosia
 m - a potion of magic {unknown}
 n - 2 potions of haste {unknown}
 p - 3 potions of degeneration
 q - a potion of invisibility {unknown}
 t - 3 potions of curing
 z - a potion of brilliance {unknown}
 A - 2 potions of resistance
 G - a potion of attraction {unknown}


   Skills:
 + Level 11.0 Fighting
 * Level 14.8 Axes
 + Level 9.9 Armour
 + Level 10.1 Dodging


You had 10 spell levels left.
You didn't know any spells.
Your spell library contained the following spells:

 Spells                   Type           Power      Damage    Failure   Level
 Freeze                   Ice            0%         1d3       54%         1
 Sandblast                Erth           0%         2d4       54%         1
 Ensorcelled Hibernation  Hex/Ice        0%         N/A       67%         2
 Jinxbite                 Hex            0%         N/A       67%         2
 Passwall                 Tmut/Erth      0%         N/A       67%         2
 Wereblood                Tmut           0%         N/A       67%         2
 Frozen Ramparts          Ice            0%         1d1       88%         3
 Hailstorm                Conj/Ice       0%         3d3       88%         3
 Stone Arrow              Conj/Erth      0%         3d7       88%         3
 Anguish                  Hex/Necr       0%         N/A       99%         4
 Brom's Barrelling Bould  Conj/Erth      0%         2d3       99%         4
 Vhi's Electric Charge    Tloc/Air       0%         N/A       99%         4
 Arcjolt                  Conj/Air       0%         1d10      100%        5
 Irradiate                Conj/Tmut      0%         3d11      100%        5
 Maxwell's Capacitive Co  Air            0%         ∞         100%        8


Dungeon Overview and Level Annotations

Branches:
Dungeon (11/15)            Temple (1/1) D:4         Gauntlet (1/1)
   Lair: D:8-11         Orc: D:9-12

Altars:
Ashenzari
Cheibriados
Dithmenos
Elyvilon
Fedhas
Gozag
Hepliaklqana
Kikubaaqudgha
Makhleb
Nemelex Xobeh
Okawaru
Qazlal
Ru
Sif Muna
Trog
Uskayaw
Vehumet
Wu Jian
Xom
Yredelemnul
Zin
The Shining One

Annotations:
D:5 Ijyb
D:8 Amaemon
D:9 1 runed translucent door Gauntlet 11 transporters


Innate Abilities, Weirdness & Mutations

You have a pair of horns on your head.
You reflexively headbutt those who attack you in melee.


Message History

You enter the transporter and appear at another place.
You slash the jelly! You burn the jelly!
You kill the jelly!
Two slime creatures merge to form a very large slime creature.
You hit the very large slime creature. You burn the very large slime creature.
You headbutt the very large slime creature!
The very large slime creature is lightly wounded.
You hit the very large slime creature. You burn the very large slime creature.
You headbutt the very large slime creature.
The very large slime creature is lightly wounded.
The very large slime creature closely misses you.
You slash the very large slime creature!
You burn the very large slime creature.
You headbutt the very large slime creature!
The very large slime creature is moderately wounded.
The very large slime creature hits you!!!
Unknown command.
You slash the very large slime creature!
You burn the very large slime creature.
The very large slime creature is moderately wounded.
You slice the very large slime creature!!
You burn the very large slime creature.
You headbutt the very large slime creature!
The very large slime creature is severely wounded.
The very large slime creature hits you!!
You feel much better.
The very large slime creature completely misses you.
You slash the very large slime creature!
You burn the very large slime creature.
You headbutt the very large slime creature.
The very large slime creature is severely wounded.
The very large slime creature hits you!!!
* * * LOW HITPOINT WARNING * * *
You feel much better. The very large slime creature hits you!
You slash the very large slime creature!
You burn the very large slime creature.
You headbutt the very large slime creature.
The very large slime creature is almost dead.
The very large slime creature hits you!!!
You die...

########...###########...########
?}©![..#...#.?#.©.#$.#.8.####©..#
.#.#...#...##..#.#..##...## .##..
..#....#...#^#..#..#^#####. #.#
..#..#.#...#..#.^.#..# ..#
######9#...##..#.#.P##©.©###..#..
..#©.#9#...#.#..#..#^#...#J..##.#
..#...9#...#..#.©.#..#######....#
.###..Y#.∩.#...#@#...#...###.##.J
......9#...#...J#....#.8.#..###J#
########...###########...########
..©.............©................
........≈∩≈......................
#################################
8# #8# #8# #8# #8# #8# #8# #8# #8
## ### ### ### ### ### ### ### ##


You could see a very large slime creature.

Vanquished Creatures
  3 two-headed ogres (D:9)
  Pikel (D:8)
  2 unseen horrors (D:10)
  A kobold demonologist (D:10)
  4 trolls
  2 hornets (D:9)
  Grinder (D:4)
  Prince Ribbit (D:8)
  A glass eye (D:9)
  2 wraiths
  A wyvern (D:7)
  10 yaks (D:8)
  5 steam dragons
  Edmund (D:5)
  An acid dragon (D:10)
  A water moccasin (D:4)
  4 sky beasts
  Duvessa (D:7)
  3 orc warriors
  An ice beast (D:7)
  2 black bears
  2 ogres
  7 centaurs
  5 kobold brigands
  7 bullfrogs
  4 scorpions
  15 wights
  Dowan (D:7)
  10 killer bees
  7 howler monkeys
  4 jellies
  5 orc priests
  9 hounds
  4 gnoll boudas
  Natasha (twice) (D:2)
  2 sleepcaps
  10 orc wizards
  Terence (D:2)
  Robin (D:2)
  33 gnolls
  6 adders
  A white imp (D:7)
  4 ufetubi
  2 worms
  A dart slug (D:1)
  40 orcs
  6 endoplasms
  3 giant cockroaches
  14 goblins
  12 hobgoblins
  18 jackals
  2 quokkas
  8 ball pythons
  5 bats
  5 frilled lizards
  21 kobolds
  6 rats
331 creatures vanquished.

Notes
Turn   | Place    | Note
-------+----------+-------------------------------------------
     0 | D:1      | BinkBink the Minotaur Monk began the quest for the Orb.
     0 | D:1      | Reached XP level 1. HP: 19/19 MP: 0/0
   139 | D:1      | Reached skill level 4 in Axes
   169 | D:1      | Reached XP level 2. HP: 27/27 MP: 1/1
   646 | D:2      | Reached XP level 3. HP: 26/33 MP: 2/2
   862 | D:2      | Noticed Natasha
   866 | D:2      | Killed Natasha
   925 | D:2      | Noticed Robin
   930 | D:2      | Reached XP level 4. HP: 30/40 MP: 3/3
   937 | D:2      | Reached skill level 5 in Axes
   951 | D:2      | Killed Robin
  1037 | D:2      | Noticed Natasha
  1044 | D:2      | Killed Natasha
  1118 | D:2      | Noticed Terence
  1127 | D:2      | Killed Terence
  1128 | D:2      | Reached XP level 5. HP: 22/47 MP: 4/4
  1429 | D:3      | Reached skill level 1 in Armour
  1594 | D:3      | Reached skill level 6 in Axes
  2438 | D:4      | Reached skill level 5 in Fighting
  2438 | D:4      | Reached XP level 6. HP: 52/56 MP: 5/5
  2562 | D:4      | Noticed a water moccasin
  2566 | D:4      | Killed a water moccasin
  2680 | D:4      | Found a staircase to the Ecumenical Temple.
  2685 | D:4      | Noticed Grinder
  2693 | D:4      | Paralysed by Grinder for 5 turns
  2708 | D:4      | HP: 1/56 [Grinder (3)]
  2709 | D:4      | Killed Grinder
  2710 | D:4      | Reached skill level 7 in Axes
  2710 | D:4      | Reached skill level 5 in Dodging
  2710 | D:4      | Reached XP level 7. HP: 2/61 MP: 6/6
  2712 | Temple   | Entered the Ecumenical Temple
  2722 | Temple   | Became a worshipper of the Shining One
  2722 | Temple   | Reached * piety under the Shining One
  2722 | Temple   | Reached ** piety under the Shining One
  3254 | D:4      | Found an iron altar of Okawaru.
  3257 | D:4      | Noticed Ijyb
  3497 | D:5      | Entered Level 5 of the Dungeon
  4235 | D:5      | Reached skill level 8 in Axes
  4257 | D:5      | Reached XP level 8. HP: 65/70 MP: 7/7
  4323 | D:5      | Noticed Edmund
  4333 | D:5      | Killed Edmund
  4871 | D:5      | Reached skill level 9 in Axes
  4966 | D:5      | HP: 3/71 [kobold brigand/+0 whip (7)]
  4968 | D:5      | HP: 1/71 [kobold brigand/+0 whip (3)]
  4971 | D:5      | Reached skill level 5 in Armour
  5274 | D:5      | Reached *** piety under the Shining One
  5586 | D:6      | Reached XP level 9. HP: 48/79 MP: 8/8
  5719 | D:6      | Reached skill level 10 in Axes
  6232 | D:6      | Found a blossoming altar of Fedhas.
  6318 | D:6      | Found a radiant altar of Vehumet.
  6324 | D:6      | Found a basalt altar of Yredelemnul.
  6326 | D:6      | Found a sparkling altar of Nemelex Xobeh.
  6328 | D:6      | Found a faded altar of an unknown god.
  6331 | D:6      | Found a burning altar of Makhleb.
  6692 | D:7      | Noticed Dowan
  6693 | D:7      | Noticed Duvessa
  6699 | D:7      | Killed Duvessa
  6701 | D:7      | Killed Dowan
  6733 | D:7      | Reached skill level 11 in Axes
  6752 | D:7      | Identified the +2 long sword of Ignis {spect, rF+ rCorr
                  | Stlth+}
  7974 | D:8      | Reached XP level 10. HP: 90/90 MP: 9/9
  8019 | D:8      | Reached skill level 12 in Axes
  8159 | D:8      | Noticed Prince Ribbit
  8170 | D:8      | Killed Prince Ribbit
  8283 | D:8      | Noticed Pikel
  8288 | D:8      | Killed Pikel
  8500 | D:8      | Noticed an orange demon
  8501 | D:8      | Noticed Amaemon
  8501 | D:8      | Reached **** piety under the Shining One
  8631 | D:8      | Reached skill level 13 in Axes
  9405 | D:9      | Reached XP level 11. HP: 99/99 MP: 10/10
  9423 | D:9      | Reached ***** piety under the Shining One
  9434 | D:9      | Reached skill level 10 in Fighting
  9549 | D:9      | Identified the -1 pair of boots of Eternity {Harm rF+++
                  | rC+++ Dex-2}
  9573 | D:9      | Noticed a two-headed ogre
  9574 | D:9      | Noticed a two-headed ogre
  9585 | D:9      | Killed a two-headed ogre
  9593 | D:9      | Killed a two-headed ogre
  9762 | D:9      | Reached skill level 14 in Axes
  9875 | D:9      | Noticed a two-headed ogre
  9882 | D:9      | Killed a two-headed ogre
 10054 | D:9      | Noticed a sixfirhy
 10055 | D:9      | Found a runed translucent door.
 10142 | D:10     | Entered Level 10 of the Dungeon
 10215 | D:10     | Found an iron altar of Okawaru.
 10323 | D:10     | Found an ancient bone altar of Kikubaaqudgha.
 10328 | D:10     | Reached skill level 10 in Dodging
 10696 | D:10     | Identified a scroll of acquirement
 10696 | D:10     | Acquired a manual of Axes
 10720 | D:11     | Found a gate leading to a gauntlet.
 10725 | Gauntlet | Entered a Gauntlet
 10729 | Gauntlet | Found a transporter.
 10735 | Gauntlet | Noticed a shining eye
 10741 | Gauntlet | Found a transporter.
 10762 | Gauntlet | Found a transporter.
 10766 | Gauntlet | Noticed a catoblepas
 10781 | Gauntlet | Found a transporter.
 10789 | Gauntlet | Found a transporter.
 10810 | Gauntlet | Found a transporter.
 10815 | Gauntlet | Found a transporter.
 10829 | Gauntlet | Found a transporter.
 10843 | Gauntlet | Noticed a catoblepas
 10845 | Gauntlet | Found a transporter.
 10849 | Gauntlet | Found a transporter.
 10859 | Gauntlet | Found a transporter.
 10895 | Gauntlet | Found a transporter.
 10956 | Gauntlet | Slain by a very large slime creature

Illustrated notes

Levels and vault maps discovered:
D:1:      mainiacjoe_arrival_reflecting_pool, layout_rooms,
          minmay_misc_feat_room
D:2:      layout_rooms, minivault_23, uniq_terence, uniq_natasha, uniq_robin
D:3:      layout_basic, hex_tiny, nicolae_houndstooth_variations
D:4:      layout_loops_ring, nicolae_overflow_hidden_temple,
          minmay_temple_entry_drinking_statues, chequers_mini_garden,
          uniq_grinder, uniq_ijyb
D:5:      lemuel_castle_with_subvaults [lemuel_castle_interior_carwin_3],
          layout_gridville, uniq_edmund
D:6:      layout_rooms, fedhas_altar_4, chequers_temple_overflow_minitemple,
          nicolae_zig_zag_zippers
D:7:      layout_layer_cave, st_stairs_1, uniq_duvessa
D:8:      layout_loops_cross, uniq_pikel, uniq_prince_ribbit1, uniq_amaemon
D:9:      cheibrodos_shockbox, layout_rooms, onia_ninara_cookie
D:10:     layout_rooms, hangedman_feature_mirror, chequers_serial_rivers_small_b
D:11:     layout_gridville, due_lair_maze_entry_diamond, orc_0_dummy,
          gauntlet_entry_generic, serial_shops, shop,
          nicolae_gozag_cash_rules_everything_around_me
Temple:   eino_temple_rhombus
Gauntlet: gammafunk_gauntlet_shortcut [nicolae_gauntlet_arena_t_cross,
          nicolae_gauntlet_arena_grate_2, gammafunk_gauntlet_arena_arrow_garden,
          gammafunk_gauntlet_arena_crates, gammafunk_gauntlet_arena_hedges,
          nicolae_gauntlet_swirl, gauntlet_exit_hidden_loot]

Skill      XL: |  1  2  3  4  5  6  7  8  9 10 11 |
---------------+----------------------------------+-----
Axes           | 4 5 6 7 8 9 11 13 14 | 14.8
Fighting       | 4 5 6 7 8 9 11 | 11.0
Dodging        | 4 5 6 7 9 10 | 10.1
Armour         | 1 2 3 5 7 8 9 |  9.9

Action                     |  1- 3 |  4- 6 |  7- 9 | 10-12 || total
---------------------------+-------+-------+-------+-------++-------
  Melee: Hand axe          |    64 |   134 |   221 |       ||   419
         Headbutt          |    19 |    24 |    83 |    61 ||   187
         War axe           |       |       |   113 |   233 ||   346
         Unarmed           |       |       |       |     4 ||     4
    Use: Scroll            |       |       |    11 |     3 ||    14
         Potion            |       |       |       |     3 ||     3
 Armour: Robe              |    40 |    19 |       |       ||    59
         Scale mail        |       |    63 |    58 |       ||   121
         Ring mail         |       |       |   122 |    94 ||   216
         Skin              |       |       |     3 |    11 ||    14
  Dodge: Dodged            |    37 |    71 |   215 |   215 ||   538

Table legend: (Time is in decaauts)
 A = Elapsed time spent in this place.
 B = Non-inter-level travel time spent in this place.
 C = Inter-level travel time spent in this place.
 D = Time resting spent in this place.
 E = Time spent auto-exploring this place.
 F = Levels seen in this place.
 G = Mean time per level.
                   A        B        C        D        E       F      G
               +--------+--------+--------+--------+--------+-----+--------+
         Total |  10889 |  10424 |    465 |    704 |   7945 |  13 |  837.6 |
       Dungeon |  10455 |  10009 |    446 |    704 |   7601 |  11 |  950.5 |
        Temple |    204 |    185 |     19 |      0 |    184 |   1 |  204.0 |
      Gauntlet |    229 |    229 |      0 |      0 |    160 |   1 |  229.0 |
               +--------+--------+--------+--------+--------+-----+--------+

Top non-repeatable levels by time:
     D:5: 1833 daAuts
     D:7: 1711 daAuts
     D:8: 1143 daAuts
     D:4: 1044 daAuts
     D:3: 1034 daAuts
     D:9: 874 daAuts
     D:6: 866 daAuts
     D:2: 823 daAuts
    D:10: 571 daAuts
     D:1: 548 daAuts
Gauntlet: 229 daAuts
  Temple: 204 daAuts
    D:11: 5 daAuts
